 Dungeon Crawl Stone Soup version 0.28-a0-479-g5baa6b73be (webtiles) character file.

Game seed: 3936831599296036610

8710 Dabor the Skirmisher (level 11, -11/60 HPs)
             Began as a Vine Stalker Berserker on Sept 18, 2021.
             Was a High Priest of Trog.
             Mangled by an orc knight (13 damage)
             ... on level 10 of the Dungeon.
             The game lasted 00:18:35 (9190 turns).

Dabor the Skirmisher (Vine Stalker Berserker)       Turns: 9190, Time: 00:18:36

Health: -11/60     AC: 13    Str: 26    XL:     11   Next: 35%
Magic:  0/12       EV:  9    Int:  7    God:    Trog [*****.]
Gold:   624        SH: 14    Dex: 17    Spells: 10/10 levels left

rFire   . . .      SeeInvis .   I - +2 mace (venom)
rCold   . . .      Faith    .   N - +0 tower shield
rNeg    . . .      Spirit   +   T - +3 ring mail
rPois   .          Reflect  .   F - +0 helmet
rElec   .          Harm     .   (no cloak)
rCorr   .          Rampage  .   P - +0 pair of gloves
Will    ++...                   k - +0 pair of boots
Stlth   +++.......              (no amulet)
HPRegen 1.20/turn               f - +6 ring of strength
MPRegen 0.13/turn               E - ring of willpower

@: on berserk cooldown, slowed, very slow
A: fangs 3, regeneration 1, magic shield, antimagic bite, no potion heal 2
a: Renounce Religion, Berserk, Trog's Hand, Brothers in Arms


You were on level 10 of the Dungeon.
You worshipped Trog.
Trog was extremely pleased with you.
You visited 2 branches of the dungeon, and saw 12 of its levels.

You collected 802 gold pieces.
You spent 178 gold pieces at shops.

Inventory:

Hand Weapons
 a - a +0 hand axe
 G - a +0 war axe
 I - a +2 mace of venom (weapon)
 M - a +1 vampiric trident
Missiles
 g - a javelin
 v - 16 boomerangs (quivered)
 x - 7 atropa-tipped darts
 K - 27 poisoned darts
Armour
 c - a +0 chain mail
 k - a +0 pair of boots (worn)
 F - a +0 helmet (worn)
 N - a +0 tower shield (worn)
 P - a +0 pair of gloves (worn)
 T - a +3 ring mail (worn)
Jewellery
 f - a +6 ring of strength (left hand)
 B - a +4 ring of evasion
 E - a ring of willpower (right hand)
 Q - an amulet of reflection
 R - a ring of see invisible
Wands
 b - a wand of flame (31)
 D - a wand of polymorph (5)
 O - a wand of digging (7)
Scrolls
 d - 4 scrolls of noise
 h - 2 scrolls of immolation {unknown}
 i - 7 scrolls of teleportation
 j - 3 scrolls of fog
 l - 3 scrolls of identify {unknown}
 m - 2 scrolls of vulnerability {unknown}
 o - 2 scrolls of summoning
 r - 2 scrolls of magic mapping {unknown}
 t - 4 scrolls of fear {unknown}
 u - a scroll of holy word {unknown}
 y - a scroll of enchant weapon {unknown}
 z - a scroll of enchant armour {unknown}
 A - 3 scrolls of amnesia {unknown}
 H - a scroll of brand weapon {unknown}
 L - a scroll of silence {unknown}
Potions
 e - 5 potions of curing {unknown}
 n - a potion of might {unknown}
 p - 3 potions of cancellation {unknown}
 q - 3 potions of brilliance {unknown}
 s - 2 potions of berserk rage {unknown}
 w - 2 potions of lignification {unknown}
 C - 2 potions of heal wounds {unknown}
 J - 2 potions of haste
 S - 2 potions of resistance {unknown}


   Skills:
 * Level 7.8 Fighting
 * Level 7.8 Axes
 + Level 4.8 Throwing
 * Level 6.7 Armour
 + Level 5.0 Dodging
 + Level 7.1 Stealth
 * Level 4.0 Shields


You had 10 spell levels left.
You didn't know any spells.
Your spell library was empty.

Dungeon Overview and Level Annotations

Branches:
Dungeon (11/15)            Temple (0/1) D:6            Lair (0/6) D:10
    Orc (1/2) D:10

Altars:
Hepliaklqana
Nemelex Xobeh
Okawaru
Qazlal
Ru
Wu Jian
Lugonu

Shops:
D:2 *   D:7 *   D:10 *

Portals:
Abyss: D:8


Innate Abilities, Weirdness & Mutations

You have razor-sharp teeth.
Your natural rate of healing is unusually fast.
When hurt, damage is shared between your health and your magic reserves.
Your bite disrupts and absorbs the magic of your enemies.
Potions cannot restore your health.


Message History

The orc warrior hits you with a +0 vampiric long sword.
The orc warrior draws strength from your wounds!
You hit the orc warrior. You bite the orc warrior.
You kill the orc warrior!
Trog accepts your kill. You block the orc warrior's attack.
Your Shields skill increases to level 4!
You block the orc knight's attack. You block the orc warrior's attack.
You climb upwards.
Welcome back to the Dungeon!
You feel a strong urge to attack something.
You are no longer berserk.
You are exhausted.
You feel yourself slow down.
There is a staircase to the Orcish Mines here.
You hit the orc knight.
The orc knight is poisoned.
The orc knight is lightly wounded.
You feel the effects of Trog's Hand fading.
You block the orc knight's attack. x2; The orc knight misses you.
You sock the orc knight! You bite the orc knight. You drain its power.
You feel invigorated.
The orc knight is moderately wounded.
The orc knight hits you with a +0 great mace!!
You block the orc knight's attack.
Your shield prevents you from hitting the orc knight.
You bite the orc knight. You drain its power.
You feel invigorated.
The orc knight is heavily wounded.
Your skin stops crawling.
You feel less strong-willed. You block the orc knight's attack.
The orc knight hits you with a +0 great mace!
Your shield prevents you from hitting the orc knight.
You bite the orc knight! You drain its power.
You feel invigorated.
The orc knight is severely wounded.
The orc knight hits you with a +0 great mace!! x2
* * * LOW HITPOINT WARNING * * *
You block the orc knight's attack.
Okay, then.
As you read the scroll of summoning, it crumbles to dust.
Wisps of shadow whirl around you...
The orc knight hits you with a +0 great mace!
You die...

##.##..####.#.##................
###..#..####.#...................
....∩..............###...........
###................#.............
##.####.##...........#=###.##..
#.# #.##..............##.....
#.####.......O......########..
#............o.##.#.# #.#
####.........@..#.#.# #.#
###.#..##.Z.[....########.#
#......####..##...........#
##.#.##.......##.###.#######
#.......####..##.###.#####
#..#.##.# #..##.........#
#..#.##.# #<.######.#####
####..#.##.# #..# ####.# #
#.......##.# #..# #>...##### #


You could see an orc knight (poisoned, ally target), a friendly two-headed ogre
(summoned) and a friendly centaur warrior zombie (summoned).

Vanquished Creatures
  2 two-headed ogres
  Pikel (D:5)
  An orc sorcerer (Orc:1)
  A gargoyle (D:10)
  Psyche (D:8)
  A troll (D:10)
  A hornet (D:8)
  Sigmund (D:4)
  A wyvern (D:8)
  5 yaks (D:9)
  2 wraiths (D:10)
  Eustachio (D:4)
  2 steam dragons
  5 wargs
  A water moccasin (D:8)
  2 acid dragons
  An ice beast (D:8)
  3 sky beasts
  A hornet zombie (D:6)
  4 orc warriors
  2 necrophages
  4 centaurs
  3 phantoms
  Blork the orc (D:5)
  A wyvern zombie (D:8)
  2 bullfrogs
  4 killer bees (D:7)
  An electric eel (D:6)
  2 bullfrog zombies (D:7)
  2 centaur zombies
  2 orc priests
  A jelly (D:6)
  2 hounds (D:6)
  A gnoll shaman (D:7)
  3 iguanas
  10 orc wizards
  A hound zombie (D:5)
  A hound skeleton (D:4)
  15 gnolls
  An adder (D:5)
  A shadow imp (D:5)
  A white imp (D:7)
  An ufetubus (D:6)
  A worm (D:2)
  2 dart slugs
  18 orcs
  2 endoplasms
  2 giant cockroaches (D:2)
  48 goblins
  27 hobgoblins
  7 jackals
  15 kobolds
  5 quokkas
  10 ball pythons
  4 bats
  4 frilled lizards
  6 rats
  A lurking horror (D:8)
251 creatures vanquished.

Vanquished Creatures (others)
  5 fungi (D:1)
  2 lurking horrors (D:8)
  7 plants
  4 toadstools (D:1)
18 creatures vanquished.

Grand Total: 269 creatures vanquished

Notes
Turn   | Place    | Note
-------+----------+-------------------------------------------
     0 | D:1      | Dabor the Vine Stalker Berserker began the quest for the
                  | Orb.
     0 | D:1      | Reached XP level 1. HP: 11/11 MP: 2/2
   369 | D:1      | Reached XP level 2. HP: 12/16 MP: 3/3
   867 | D:1      | Reached XP level 3. HP: 20/20 MP: 4/4
   981 | D:1      | Found a faded altar of an unknown god.
  1150 | D:2      | Reached ** piety under Trog
  1569 | D:2      | Found Pacete's Assorted Antiques.
  1572 | D:2      | Bought 3 scrolls labelled YPHIEX RIGG for 54 gold pieces
  1572 | D:2      | Bought a scroll labelled VYEM TIONUARGHE for 18 gold pieces
  1797 | D:2      | Bought 2 ruby potions for 32 gold pieces
  1797 | D:2      | Bought a fizzy coppery potion for 16 gold pieces
  1860 | D:3      | Gained mutation: Your natural rate of healing is unusually
                  | fast. [Vine Stalker growth]
  1860 | D:3      | Reached XP level 4. HP: 7/24 MP: 1/5
  1868 | D:3      | Reached skill level 1 in Stealth
  2034 | D:3      | Reached XP level 5. HP: 28/28 MP: 6/6
  2276 | D:3      | Found an iron altar of Okawaru.
  2421 | D:3      | Reached *** piety under Trog
  2696 | D:4      | Noticed Sigmund
  2752 | D:4      | Killed Sigmund
  2753 | D:4      | Reached skill level 1 in Throwing
  2753 | D:4      | Reached XP level 6. HP: 33/33 MP: 7/7
  2867 | D:4      | Reached XP level 7. HP: 37/37 MP: 8/8
  3114 | D:4      | Noticed Eustachio
  3137 | D:4      | Killed Eustachio
  3504 | D:5      | Entered Level 5 of the Dungeon
  3537 | D:5      | Gained mutation: You have razor-sharp teeth. [Vine Stalker
                  | growth]
  3537 | D:5      | Reached XP level 8. HP: 19/42 MP: 2/9
  3916 | D:5      | Noticed Blork the orc
  3923 | D:5      | Killed Blork the orc
  4061 | D:5      | Reached skill level 5 in Fighting
  4061 | D:5      | Reached skill level 5 in Axes
  4061 | D:5      | Noticed Pikel
  4062 | D:5      | Reached **** piety under Trog
  4072 | D:5      | Killed Pikel
  4321 | D:6      | Reached XP level 9. HP: 47/47 MP: 10/10
  4385 | D:6      | Found a stormy altar of Qazlal.
  4385 | D:6      | Found an ornate altar of the Wu Jian Council.
  4385 | D:6      | Found a sacrificial altar of Ru.
  4712 | D:6      | Reached ***** piety under Trog
  4920 | D:6      | Reached skill level 5 in Armour
  4920 | D:6      | Reached skill level 5 in Stealth
  4928 | D:6      | Found a hazy altar of Hepliaklqana.
  4930 | D:6      | Found a sparkling altar of Nemelex Xobeh.
  5094 | D:6      | Found a staircase to the Ecumenical Temple.
  5889 | D:7      | Received a gift from Trog
  6147 | D:7      | Found Akloxo's General Store.
  6324 | D:7      | You fall into a shaft and drop 3 floors!
  6324 | D:10     | Entered Level 10 of the Dungeon
  6386 | D:10     | Found Gydgh's Mass Market.
  6390 | D:10     | Bought a +0 tower shield for 58 gold pieces
  6403 | D:10     | Found a staircase to the Orcish Mines.
  6416 | D:10     | Reached XP level 10. HP: 49/53 MP: 9/11
  6425 | D:10     | Reached skill level 1 in Shields
  6561 | D:10     | Noticed a two-headed ogre
  6570 | D:10     | Killed a two-headed ogre
  6806 | D:10     | Found a staircase to the Lair.
  6812 | D:10     | Noticed a gargoyle
  6817 | D:10     | Killed a gargoyle
  7323 | D:9      | Noticed a two-headed ogre
  7336 | D:9      | Killed a two-headed ogre
  7337 | D:9      | Reached XP level 11. HP: 11/58 MP: 12/12
  7442 | D:9      | You fall into a shaft and drop 2 floors!
  7915 | D:8      | Noticed Psyche
  7920 | D:8      | Killed Psyche
  8461 | D:8      | Found a corrupted altar of Lugonu.
  8599 | D:8      | Found a one-way gate to the infinite horrors of the Abyss.
  9165 | Orc:1    | Entered Level 1 of the Orcish Mines
  9168 | Orc:1    | Noticed an orc sorcerer
  9175 | Orc:1    | Noticed an orc knight
  9178 | Orc:1    | Killed an orc sorcerer
  9179 | Orc:1    | Reached skill level 5 in Dodging
  9189 | D:10     | HP: 1/60 [orc knight (21)]
  9190 | D:10     | Mangled by an orc knight

Illustrated notes

Levels and vault maps discovered:
D:1:      eino_arrival_druids_welcome, layout_basic, basic_ecumenical_altar,
          minmay_gold_behind_fungi
D:2:      cheibrodos_old_hovel, layout_rooms, serial_shops,
          nicolae_shop_behind_doors
D:3:      layout_loops_ring, okawaru_altar_gauntlet_db, minmay_goblin_outpost
D:4:      layout_cave_pods, minmay_a_box_with_orc_wizards_in_it, uniq_sigmund,
          uniq_eustachio
D:5:      layout_rooms, uniq_blork_the_orc, uniq_pikel
D:6:      minmay_goblin_kobold_castle, layout_loops_cross,
          gammafunk_temple_overflow_forgotten, jmf_multi_god_temple,
          minmay_temple_entry_waves, kennysheep_dice
D:7:      layout_basic, serial_shops, shop
D:8:      layout_loops_ring, amcnicky_altar_lugonu_corruption, uniq_psyche
D:9:      layout_basic, minmay_holes, abandoned_shop, minmay_misc_feat_encased
D:10:     layout_basic, dpeg_oklobed_lair, minmay_orc_entry_guard_dogs,
          minmay_shop_mass, serial_park_tiny_1
D:11:     layout_basic, gauntlet_entry_generic, nicolae_shop_firing_range
Orc:1:    layout_diamond_mine

Skill      XL: |  1  2  3  4  5  6  7  8  9 10 11 |
---------------+----------------------------------+-----
Dodging        | 2 3 4 5 |  5.0
Fighting       | 3 4 5 6 7 |  7.8
Axes           | 3 4 5 6 7 |  7.8
Armour         | 2 3 4 5 6 |  6.7
Stealth        | 1 2 3 4 5 6 7 |  7.1
Throwing       | 1 2 3 4 |  4.8
Shields        | 3 4 |  4.0

Action                   |  1- 3 |  4- 6 |  7- 9 | 10-12 || total
-------------------------+-------+-------+-------+-------++-------
Melee: Hand axe          |   120 |    92 |    96 |       ||   308
       Bite              |    30 |    32 |   106 |    79 ||   247
       War axe           |       |       |    18 |       ||    18
       Mace              |       |       |   168 |   173 ||   341
Throw: Boomerang         |       |     5 |    38 |     3 ||    46
       Javelin           |       |     2 |       |       ||     2
Invok: Berserk           |     3 |     2 |    11 |    12 ||    28
       Trog's Hand       |       |       |       |     1 ||     1
  Use: Scroll            |     3 |     1 |       |     1 ||     5
Armor: Animal skin       |     1 |       |       |       ||     1
       Chain mail        |    51 |    60 |   176 |    87 ||   374
       Ring mail         |       |       |       |     2 ||     2
Dodge: Dodged            |    66 |    51 |   265 |    48 ||   430
Block: Tower shield      |       |       |     4 |   164 ||   168

Table legend: (Time is in decaauts)
 A = Elapsed time spent in this place.
 B = Non-inter-level travel time spent in this place.
 C = Inter-level travel time spent in this place.
 D = Time resting spent in this place.
 E = Time spent auto-exploring this place.
 F = Levels seen in this place.
 G = Mean time per level.
                   A        B        C        D        E       F      G
               +--------+--------+--------+--------+--------+-----+--------+
         Total |   9634 |   8983 |    651 |   1152 |   5442 |  12 |  802.8 |
       Dungeon |   9611 |   8960 |    651 |   1152 |   5442 |  11 |  873.7 |
  Orcish Mines |     22 |     22 |      0 |      0 |      0 |   1 |   22.0 |
               +--------+--------+--------+--------+--------+-----+--------+

Top non-repeatable levels by time:
     D:6: 1617 daAuts
     D:1: 1056 daAuts
    D:10: 1007 daAuts
     D:4: 939 daAuts
     D:3: 936 daAuts
     D:7: 854 daAuts
     D:8: 835 daAuts
     D:5: 799 daAuts
     D:2: 799 daAuts
     D:9: 755 daAuts
   Orc:1: 22 daAuts
    D:11: 8 daAuts
